 Dungeon Crawl Stone Soup version 0.29-a0-824-gd827844252 (webtiles) character file.

Game seed: 5686473570168138201

1542 Morbidden the Skirmisher (level 8, -4/69 HPs)
             Began as a Minotaur Hunter on July 9, 2022.
             Slain by an orc warrior
             ... wielding a +0 war axe
              (16 damage)
             ... on level 6 of the Dungeon on July 10, 2022.
             The game lasted 00:07:23 (4462 turns).

Morbidden the Skirmisher (Minotaur Hunter)          Turns: 4462, Time: 00:07:23

Health: -4/69      AC:  9    Str: 16    XL:     8   Next: 56%
Magic:  7/7        EV: 16    Int:  6    God:
Gold:   283        SH:  0    Dex: 16    Spells: 7/7 levels left

rFire   . . .      SeeInvis .   b - +1 dagger (venom)
rCold   . . .      Faith    .   (no shield)
rNeg    . . .      Spirit   .   C - +0 chain mail
rPois   .          Reflect  .   n - +2 hat
rElec   .          Harm     .   (no cloak)
rCorr   .          Rampage  .   (no gloves)
Will    .....                   g - +1 pair of boots
Stlth   ..........              (no amulet)
HPRegen 0.21/turn               h - +4 ring of evasion
MPRegen 0.10/turn               c - +4 ring of evasion

@: weak-willed, corroded, flying (expiring), studying Summonings
A: horns 2, retaliatory headbutt
a: no special abilities


You were on level 6 of the Dungeon.
You visited 1 branch of the dungeon, and saw 6 of its levels.
You also visited: Sewer.

You collected 283 gold pieces.

Inventory:

Hand Weapons
 a - a +0 shortbow
 b - a +1 dagger of venom (weapon)
 w - a +4 dagger
Armour
 g - a +1 pair of boots (worn)
 l - a +2 leather armour of fire resistance
 n - a +2 hat (worn)
 C - a +0 chain mail (worn)
 E - a +0 plate armour
Jewellery
 c - a +4 ring of evasion (right hand)
 h - a +4 ring of evasion (left hand)
 q - an amulet of faith
 s - a ring of poison resistance
 t - a ring of resist corrosion
 x - a ring of ice
 A - a ring of positive energy
Wands
 f - a wand of digging (5)
 v - a wand of flame (20)
 y - a wand of iceblast (5)
Scrolls
 e - 3 scrolls of fog
 i - 2 scrolls of teleportation
 m - 5 scrolls of identify
 o - a scroll of brand weapon
 r - a scroll of immolation
 u - 2 scrolls of vulnerability
 B - 2 scrolls of enchant armour
Potions
 k - a potion of magic {unknown}
 p - a potion of heal wounds {unknown}
 z - a potion of degeneration {unknown}
 D - 2 potions of might


   Skills:
 * Level 5.4 Fighting
 * Level 2.8(3.1) Short Blades
 * Level 2.0(2.9) Long Blades
 * Level 9.2 Ranged Weapons
 + Level 3.1 Armour
 * Level 4.6 Dodging
 + Level 1.3 Stealth
 * Level 2.2 Evocations


You had 7 spell levels left.
You didn't know any spells.
Your spell library contained the following spells:

 Spells                   Type           Power      Damage    Failure   Level
 Shock                    Conj/Air       0%         1d3       100%        1
 Swiftness                Air            0%         N/A       100%        3
 Tukima's Dance           Hex            0%         N/A       100%        3
 Airstrike                Air            0%         0-1+      100%        4
 Passage of Golubria      Tloc           0%         N/A       100%        4
 Blade Hands              Tmut           0%         N/A       100%        5
 Irradiate                Conj/Tmut      0%         3d13      100%        5
 Yara's Violent Unravell  Hex/Tmut       0%         3d3       100%        5
 Dragon Form              Tmut           0%         N/A       100%        7


Dungeon Overview and Level Annotations

Branches:
Dungeon (6/15)              Sewer (visited)
 Temple: D:4-7

Altars:

Shops:
D:6 [


Innate Abilities, Weirdness & Mutations

You have a pair of horns on your head.
You reflexively headbutt those who attack you in melee.


Message History

The iceblast engulfs the kobold brigand!!
The kobold brigand is almost dead.
The kobold brigand throws a poisoned dart.
The poisoned dart barely misses you.
Unknown command.
Aiming: Iceblast
Press: ? - help, Shift-Dir - straight line, f/p - kobold brigand
Aim: a kobold brigand, wielding a +0 club, wearing a ring of magical power and quivering poisoned darts (almost dead)
The mass of ice explodes!
The iceblast engulfs the kobold brigand!!
You kill the kobold brigand!
Your Long Blades skill increases to level 2!
Unknown command.
You start resting.
You start resting.
An orc warrior comes into view. It is wielding a +0 war axe.
Okay, then.
Okay, then.
Okay, then.
As you read the scroll of teleportation, it crumbles to dust.
You feel strangely unstable.
Unknown command.
Unknown command.
Your surroundings suddenly seem different.
Unknown command.
As you read the scroll labelled ERCHUMM HIRHE, it crumbles to dust.
Magic quickly surges around you.
It was a scroll of vulnerability.
Unknown command.
Unknown command.
Unknown command.
Okay, then.
Unknown command.
Unknown command.
Okay, then.
As you read the scroll labelled BIGOCH IVOKO, it crumbles to dust.
It is a scroll of enchant armour.
Your +0 pair of boots glows green for a moment.
You are starting to lose your buoyancy.
The orc warrior hits you with a +0 war axe!
You die...

....#####....#....
............#...#
########..##....#.###[#
##.#.....#... .#
#....#.. ..#.. #
#....#.###.#.###.#
#....#.....#.....#
#.................
##......@o.)......
##......../......
#######)######## ##.##
##.## #.## #.## #.# #.#


You could see an orc warrior (weak-willed).

Vanquished Creatures
  Sigmund (D:3)
  A yak (D:4)
  2 water moccasins
  A black bear (D:4)
  3 ogres
  A centaur (D:6)
  A kobold brigand (D:6)
  A scorpion (D:4)
  2 orc priests
  3 jellies
  A hound (D:6)
  Jessica (D:2)
  Ijyb (D:3)
  2 iguanas (D:6)
  An orc wizard (D:2)
  6 gnolls
  4 adders
  3 dart slugs
  7 orcs
  6 ball pythons
  3 bats
  3 endoplasms
  8 giant cockroaches
  3 hobgoblins
  6 jackals
  11 kobolds
  6 quokkas
  6 frilled lizards
  6 goblins
  4 rats
104 creatures vanquished.

Notes
Turn   | Place    | Note
-------+----------+-------------------------------------------
     0 | D:1      | Morbidden the Minotaur Hunter began the quest for the Orb.
     0 | D:1      | Reached XP level 1. HP: 18/18 MP: 0/0
   271 | D:1      | Reached XP level 2. HP: 25/25 MP: 1/1
   571 | D:1      | Reached skill level 5 in Ranged Weapons
   913 | D:2      | Noticed Jessica
   915 | D:2      | Killed Jessica
   916 | D:2      | Reached XP level 3. HP: 30/30 MP: 2/2
  1500 | D:2      | Reached XP level 4. HP: 17/38 MP: 3/3
  1690 | D:2      | Reached skill level 6 in Ranged Weapons
  1707 | D:3      | Reached skill level 1 in Stealth
  1876 | D:3      | Reached skill level 1 in Armour
  1891 | D:3      | Reached XP level 5. HP: 40/45 MP: 4/4
  1893 | D:3      | Noticed Ijyb
  1902 | D:3      | Killed Ijyb
  2097 | D:3      | Noticed Sigmund
  2113 | D:3      | Killed Sigmund
  2114 | D:3      | Reached skill level 7 in Ranged Weapons
  2114 | D:3      | Reached XP level 6. HP: 52/52 MP: 5/5
  2309 | D:4      | Noticed a yak
  2320 | D:4      | Killed a yak
  2321 | D:4      | Reached skill level 1 in Short Blades
  2377 | D:4      | Reached XP level 7. HP: 59/59 MP: 6/6
  2995 | D:4      | Reached skill level 8 in Ranged Weapons
  3090 | D:5      | Entered Level 5 of the Dungeon
  3119 | D:5      | Found a glowing drain.
  3144 | Sewer    | Entered a sewer
  3192 | Sewer    | Reached skill level 1 in Evocations
  3360 | D:5      | HP: 3/60 [ogre/+0 giant spiked club (23)]
  3425 | D:5      | Reached skill level 1 in Long Blades
  3425 | D:5      | Reached XP level 8. HP: 21/67 MP: 7/7
  3762 | D:5      | Reached skill level 5 in Fighting
  4327 | D:6      | Found Luuwazun's Armour Shop.
  4424 | D:6      | Reached skill level 9 in Ranged Weapons
  4445 | D:6      | HP: 2/68 [acid (6)]
  4462 | D:6      | Slain by an orc warrior

Illustrated notes

Levels and vault maps discovered:
D:1:      tarquinn_simple_flora_water_b, layout_rooms
D:2:      minmay_spotlight, layout_basic, uniq_jessica
D:3:      layout_basic, serial_park_tiny_pond, corexii_hall_statues_t,
          minmay_vboxes, uniq_sigmund, uniq_ijyb
D:4:      layout_basic, wad_floor_pattern_1, minmay_manual_macuahuitl
D:5:      layout_loops_ring, gup_sewer_entry_glass, kennysheep_cluttered_room
D:6:      hangedman_cross_stitches, layout_basic,
          nicolae_qazlal_style_of_elements, kennysheep_mini_moat, serial_shops,
          nicolae_shop_statue_plus, minmay_crystal_water

Skill      XL: |  1  2  3  4  5  6  7  8 |
---------------+-------------------------+-----
Ranged Weapons | 5 6 7 8 9 |  9.2
Fighting       | 3 4 5 |  5.4
Stealth        | 1 |  1.3
Armour         | 1 2 3 |  3.1
Dodging        | 3 4 |  4.6
Short Blades   | 1 2 |  2.8
Evocations     | 1 2 |  2.2
Long Blades    | 1 2 |  2.0

Action                   |  1- 3 |  4- 6 |  7- 9 || total
-------------------------+-------+-------+-------++-------
Melee: Dagger            |     9 |    52 |    83 ||   144
       Headbutt          |       |     8 |    25 ||    33
       Punch             |       |       |     1 ||     1
 Fire: Shortbow          |    90 |    49 |    66 ||   205
Evoke: Wand              |       |       |     6 ||     6
  Use: Potion            |     1 |       |     5 ||     6
       Scroll            |       |     4 |     4 ||     8
Armor: Leather armour    |    11 |    16 |     1 ||    28
       Chain mail        |       |       |    25 ||    25
Dodge: Dodged            |    57 |    54 |   112 ||   223

Table legend: (Time is in decaauts)
 A = Elapsed time spent in this place.
 B = Non-inter-level travel time spent in this place.
 C = Inter-level travel time spent in this place.
 D = Time resting spent in this place.
 E = Time spent auto-exploring this place.
 F = Levels seen in this place.
 G = Mean time per level.
                   A        B        C        D        E       F      G
               +--------+--------+--------+--------+--------+-----+--------+
         Total |   4508 |   4215 |    293 |    483 |   2944 |   7 |  644.0 |
       Dungeon |   4316 |   4023 |    293 |    483 |   2821 |   6 |  719.3 |
         Sewer |    192 |    192 |      0 |      0 |    123 |   1 |  192.0 |
               +--------+--------+--------+--------+--------+-----+--------+

Top non-repeatable levels by time:
     D:5: 1060 daAuts
     D:2: 956 daAuts
     D:4: 806 daAuts
     D:1: 784 daAuts
     D:3: 578 daAuts
   Sewer: 192 daAuts
     D:6: 130 daAuts
